AoeStats
← sheriffsheriffsheriff

Arabia

510537993Analyzed
1v1 RM · 1d ago on Oct 1, 2026· 39m 53s· 2 players
Game mode
Random Map
Map size
Tiny (2 player)
Population
200
Speed
Normal
Resources
Standard
Victory
Conquest
Starting age
Dark Age
Ending age
Imperial Age
RankedLock teamsTeams togetherTeam positionsShared explorationLock speedFull tech treeHidden civsTurbo modeCheats
Victory
Defeat
🇨🇭 Japanese · Switzerland
1503
+19
🇩🇪 Persians · Germany
1562
-19
sheriffsheriffsheriff
6:35 Loom
9:26 Feudal Age
9:30 Man-at-Arms
12:13 Double-Bit Axe
12:40 Padded Archer Armor
15:20 Fletching
22:34 Castle Age
21:50 Scale Barding Armor
21:53 Gold Mining
22:39 Bloodlines
23:24 Forging
23:21 Bodkin Arrow
26:39 Town Watch
28:34 Leather Archer Armor
29:33 Ballistics
32:25 Horse Collar
34:36 Wheelbarrow
37:06 Hand Cart
eraycoskun33
5:34 Loom
8:57 Feudal Age
9:27 Double-Bit Axe
15:30 Fletching
16:10 Horse Collar
17:04 Padded Archer Armor
22:30 Castle Age
22:23 Bloodlines
23:10 Scale Barding Armor
25:29 Crossbowman
25:32 Elite Skirmisher
27:03 Leather Archer Armor
27:34 Wheelbarrow
30:31 Chain Barding Armor
31:59 Husbandry
32:06 Bodkin Arrow
36:26 Ballistics
37:42 Forging
Connection lost

Rejoining the realm…

Still unreachable

The connection could not be restored.

Session expired

The server has moved on; the page needs a fresh start.